 Dungeon Crawl Stone Soup version 0.29.1-1-gd02db6906a (webtiles) character file.

Game seed: 10637850690044683878

3262 hawla the Zephyrmancer (level 10, -1/74 HPs)
             Began as a Meteoran Air Elementalist on Oct 16, 2022.
             Was a Believer of Vehumet.
             Slain by a scorpion (5 damage)
             ... summoned by Amaemon
             ... on level 9 of the Dungeon.
             The game lasted 00:19:05 (4877 turns).

hawla the Zephyrmancer (Meteoran Air Elementalist)  Turns: 4877, Time: 00:19:05

Health: -1/74      AC:  6    Str: 11    XL:     10   Next: 42%
Magic:  1/25       EV: 13    Int: 20    God:    Vehumet [**....]
Gold:   448        SH:  0    Dex: 15    Spells: 22/29 levels left

rFire   + . .      SeeInvis +   a - +7 dagger of Hospitality {speed, Drain rC+ rCorr}
rCold   + . .      Faith    .   (no shield)
rNeg    . . .      Spirit   .   z - +0 steam dragon scales
rPois   .          Reflect  .   e - +0 hat
rElec   .          Harm     .   (no cloak)
rCorr   +          Rampage  .   (no gloves)
Will    +....                   r - +0 pair of boots
Stlth   +.........              (no amulet)
HPRegen 0.22/turn               l - ring of see invisible
MPRegen 0.19/turn               v - ring of protection from fire

@: lethally poisoned (-1 -> -57), slowed, glowing, very slow
A: sense surroundings 2, otherworldly, glowing, explore regen
a: Renounce Religion


You were on level 9 of the Dungeon.
You worshipped Vehumet.
Vehumet was pleased with you.
You visited 2 branches of the dungeon, and saw 10 of its levels.

You collected 448 gold pieces.

Inventory:

Hand Weapons
 a - the +7 dagger of Hospitality (weapon) {speed, Drain rC+ rCorr}
   (You found it on level 6 of the Dungeon)

   Attacks with this weapon are significantly faster.
   rC:        It protects you from cold.
   rCorr:     It protects you from acid and corrosion.
   Drain:     It drains your maximum health when unequipped.
 w - a +1 long sword of electrocution
Armour
 e - a +0 hat (worn)
 m - a +2 robe of cold resistance
 o - a +2 robe of willpower
 r - a +0 pair of boots (worn)
 z - +0 steam dragon scales (worn)
Jewellery
 l - a ring of see invisible (left hand)
 v - a ring of protection from fire (right hand)
Wands
 q - a wand of iceblast (10) (quivered)
 s - a wand of mindburst (6)
Scrolls
 d - a scroll of enchant weapon
 k - 3 scrolls of magic mapping
Potions
 b - a potion of magic
 f - a potion of resistance
 g - 2 potions of heal wounds {unknown}
 h - 2 potions of cancellation
 i - 2 potions of degeneration {unknown}
 j - a potion of berserk rage
 n - a potion of curing
 p - a potion of brilliance {unknown}
 t - a potion of mutation {unknown}
 u - 2 potions of attraction {unknown}


   Skills:
 + Level 2.3 Fighting
 + Level 3.3 Short Blades
 + Level 4.2 Dodging
 - Level 1.4 Stealth
 + Level 10.0 Spellcasting
 + Level 4.8 Conjurations
 + Level 11.3 Air Magic


You had 22 spell levels left.
You knew the following spells:

 Your Spells              Type           Power      Damage    Failure   Level
a - Shock                 Conj/Air       100%       1d9       1%          1
b - Static Discharge      Conj/Air       42%        3-9/arc   1%          2
c - Airstrike             Air            26%        2d(4-20)  1%          4

Your spell library contained the following spells:

 Spells                   Type           Power      Damage    Failure   Level
 Magic Dart               Conj           100%       1d8       1%          1
 Swiftness                Air            53%        N/A       1%          3
 Gell's Gravitas          Tloc           10%        N/A       21%         3
 Lesser Beckoning         Tloc           10%        N/A       21%         3
 Teleport Other           Tloc           10%        N/A       21%         3


Dungeon Overview and Level Annotations

Branches:
Dungeon (9/15) Zot: 588    Temple (1/1) D:4 Zot: 553
   Lair: D:8-11         Orc: D:9-12

Altars:
Cheibriados
Dithmenos
Elyvilon
Fedhas
Kikubaaqudgha
Makhleb
Nemelex Xobeh
Okawaru
Qazlal
Ru
Sif Muna
Trog
Uskayaw
Vehumet
Wu Jian
Xom
Zin
The Shining One

Shops:
D:4 (

Annotations:
D:9 Amaemon


Innate Abilities, Weirdness & Mutations

You passively map the area around you.
You are easily found by Zot.
You glow in the dark.
You regain HP and MP as you explore.


Message History

Amaemon is almost dead.
You barely miss Amaemon. You punch Amaemon.
Amaemon is almost dead.
Amaemon barely misses you. Amaemon completely misses you.
Amaemon tail-slaps you. The scorpion stings you.
The orange demon stings you from afar.
You are poisoned.
You have difficulty breathing.
You feel yourself slow down.
The howler monkey hits you but does no damage.
Casting: Airstrike (mildly dangerous; 1% risk of failure)
Confirm with . or Enter, or press ? or * to list all spells.
The scorpion is struck by an arc of lightning.
The scorpion is moderately wounded.
You are struck by an arc of lightning.
The lightning grounds out.
You feel extremely sick.
The orange demon no longer looks unusually toxic.
The scorpion stings you but does no damage.
The howler monkey barely misses you. Amaemon barely misses you.
Amaemon claws you! Amaemon tail-slaps you.
The orange demon stings you from afar!
The scorpion stings you but does no damage.
Unknown command.
As you read the scroll of butterflies, it crumbles to dust.
You hear the tinkle of a tiny bell.
You feel very sick. The howler monkey closely misses you.
The orange demon stings you from afar!
* * * LOW HITPOINT WARNING * * *
You are lethally poisoned!
The orange demon poisons you!
Amaemon hits you with a -2 demon whip of venom!
* * * LOW HITPOINT WARNING * * *
You are more poisoned.
Amaemon claws you.
* * * LOW HITPOINT WARNING * * *
Amaemon closely misses you.
The shadow strikes at your butterfly from the darkness!
Your butterfly dies!
Your butterfly disappears in a burst of colours!
The scorpion stings you.
You die...

*, * ###........# * *,
..............#
,..?...........#
..............# ,,,
............†.#
..............#
.....bbbbb....# ,
.......bsb....#
.....Wh@bb....# ,
.....b6######.##########
.....4b #..........† ,
,....... #.##########
....... #.# .......* #.#
* .......######.# ,,
,>.............##########
, , , , ,, ,,,
<######.......<...


You could see Amaemon (ally target), an orange demon (ally target), a shadow
(invisible), a scorpion (summoned, ally target) and a howler monkey (ally
target).

Vanquished Creatures
  A two-headed ogre (D:8)
  Pikel (D:7)
  Maggie (D:7)
  A steam dragon (D:8)
  3 yaks (D:9)
  An ice beast (D:7)
  An orc warrior (D:7)
  2 black bears
  An ogre (D:5)
  A phantom (D:4)
  A bullfrog (D:6)
  3 wights (D:8)
  2 vampire bats (D:5)
  3 jellies
  An orc priest (D:6)
  A gnoll bouda (D:4)
  2 iguanas
  2 orc wizards
  10 gnolls
  5 adders
  3 white imps
  4 worms
  2 dart slugs
  30 orcs
  5 endoplasms
  3 giant cockroaches
  5 goblins
  4 hobgoblins
  4 jackals (D:3)
  A quokka (D:4)
  3 training dummies (D:4)
  4 ball pythons
  7 bats
  A frilled lizard (D:2)
  9 kobolds
  6 rats
  A butterfly (D:5)
135 creatures vanquished.

Notes
Turn   | Place    | Note
-------+----------+-------------------------------------------
     0 | D:1      | hawla the Meteoran Air Elementalist began the quest for the
                  | Orb.
     0 | D:1      | Reached XP level 1. HP: 14/14 MP: 5/5
   166 | D:1      | Reached skill level 4 in Air Magic
   166 | D:1      | Reached XP level 2. HP: 15/20 MP: 0/6
   169 | D:1      | Learned a level 2 spell: Static Discharge
   500 | D:1      | Glimpsed the power of Zot.
   550 | D:1      | Glimpsed the power of Zot.
   630 | D:2      | Reached XP level 3. HP: 26/26 MP: 5/8
   788 | D:2      | Found an ornate altar of the Wu Jian Council.
   958 | D:2      | Reached XP level 4. HP: 29/33 MP: 6/9
   961 | D:2      | Reached skill level 5 in Air Magic
   966 | D:2      | Learned a level 4 spell: Airstrike
  1100 | D:2      | Glimpsed the power of Zot.
  1220 | D:3      | Reached XP level 5. HP: 39/39 MP: 7/11
  1402 | D:3      | Found a snail-covered altar of Cheibriados.
  1484 | D:3      | Found a white marble altar of Elyvilon.
  1514 | D:3      | Found a burning altar of Makhleb.
  1625 | D:4      | Reached skill level 6 in Air Magic
  1684 | D:4      | Reached XP level 6. HP: 23/46 MP: 7/12
  1736 | D:4      | Found a staircase to the Ecumenical Temple.
  1740 | D:4      | Found Useunud's Firing Range.
  1752 | Temple   | Entered the Ecumenical Temple
  1789 | Temple   | Became a worshipper of Vehumet
  1948 | D:4      | Reached skill level 7 in Air Magic
  2283 | D:4      | Reached XP level 7. HP: 24/51 MP: 9/13
  2346 | D:4      | Glimpsed the power of Zot.
  2366 | D:5      | Entered Level 5 of the Dungeon
  2377 | D:5      | Reached * piety under Vehumet
  2377 | D:5      | Offered knowledge of Freeze by Vehumet.
  2503 | D:5      | Found a sacrificial altar of Ru.
  2539 | D:5      | Reached skill level 1 in Fighting
  2539 | D:5      | Reached skill level 1 in Short Blades
  2539 | D:5      | Reached skill level 5 in Spellcasting
  2539 | D:5      | Reached skill level 8 in Air Magic
  2539 | D:5      | Reached XP level 8. HP: 34/59 MP: 5/16
  2749 | D:5      | Found a shimmering altar of Xom.
  2951 | D:5      | Glimpsed the power of Zot.
  3059 | D:6      | Identified the +7 dagger of Hospitality {speed, Drain rC+
                  | rCorr}
  3553 | D:6      | Glimpsed the power of Zot.
  3627 | D:7      | Found an iron altar of Okawaru.
  3728 | D:7      | Noticed Maggie
  3744 | D:7      | Killed Maggie
  3745 | D:7      | Reached skill level 9 in Air Magic
  3745 | D:7      | Gained mutation: You passively map the area around you.
                  | [Meteoran growth]
  3745 | D:7      | Reached XP level 9. HP: 38/64 MP: 0/20
  3770 | D:7      | Found a shimmering blue altar of Sif Muna.
  3926 | D:7      | Noticed Pikel
  3935 | D:7      | Killed Pikel
  3935 | D:7      | Offered knowledge of Magic Dart by Vehumet.
  3936 | D:7      | Reached skill level 10 in Air Magic
  4160 | D:7      | Glimpsed the power of Zot.
  4343 | D:8      | Noticed a two-headed ogre
  4479 | D:8      | Killed a two-headed ogre
  4479 | D:8      | Reached ** piety under Vehumet
  4480 | D:8      | Reached skill level 11 in Air Magic
  4480 | D:8      | Reached XP level 10. HP: 53/73 MP: 11/24
  4764 | D:8      | Glimpsed the power of Zot.
  4848 | D:9      | Reached skill level 10 in Spellcasting
  4865 | D:9      | Noticed Amaemon
  4866 | D:9      | Noticed an orange demon
  4877 | D:9      | Slain by a scorpion

Illustrated notes

Levels and vault maps discovered:
D:1:      onia_arrival_mini_maze_b, layout_basic,
          dreamdust_ecumenical_altar_statues, serial_park_tiny_2
D:2:      layout_basic, basic_altar
D:3:      layout_basic, kennysheep_slug_shrine, bloody_makhleb,
          lemuel_crystal_altar, minmay_misc_feat_diagonals
D:4:      layout_basic, minmay_temple_entry_drinking_statues,
          nicolae_shop_firing_range
D:5:      layout_rooms, xom_butterflies, nicolae_ru_the_path_less_chosen,
          roderic_batcave
D:6:      layout_layer_cave, grunt_gozag_breadcrumbs
D:7:      layout_rooms, okawaru_gym_becter, mainiacjoe_overflow_24_doors,
          nrook_uturn, uniq_pikel, uniq_maggie
D:8:      layout_basic, minmay_door_square
D:9:      layout_small_grid, onia_ninara_dug_in_and_dangerous, uniq_amaemon
Temple:   hellmonk_temple_of_storms

Skill      XL: |  1  2  3  4  5  6  7  8  9 10 |
---------------+-------------------------------+-----
Air Magic      | 4 5 6 7 8 9 11 | 11.3
Spellcasting   | 3 5 6 9 10 | 10.0
Conjurations   | 2 4 |  4.8
Dodging        | 3 4 |  4.2
Fighting       | 1 2 |  2.3
Short Blades   | 1 3 |  3.3
Stealth        | |  1.4

Action                   |  1- 3 |  4- 6 |  7- 9 | 10-12 || total
-------------------------+-------+-------+-------+-------++-------
Melee: Unarmed           |    11 |       |       |       ||    11
       Dagger            |     6 |    16 |    23 |    14 ||    59
       Short sword       |       |       |    17 |       ||    17
       Punch             |       |       |     1 |     2 ||     3
 Cast: Shock             |    58 |    46 |    56 |     4 ||   164
       Static Discharge  |     2 |    25 |    30 |     7 ||    64
       Airstrike         |       |     4 |    18 |     6 ||    28
  Use: Scroll            |     1 |     5 |    13 |     4 ||    23
Armor: Robe              |     3 |     4 |     7 |       ||    14
       Steam dragon scal |       |       |       |     5 ||     5
Dodge: Dodged            |    22 |    29 |    28 |     9 ||    88
